AoeStats
← |GaoeG| flamingo

Glade

503577351Analyzed
1v1 RM · 1mo ago on Sep 1, 2026· 34m 4s· 2 players
Game mode
Random Map
Map size
Tiny (2 player)
Population
200
Speed
Normal
Resources
Standard
Victory
Conquest
Starting age
Dark Age
Ending age
Imperial Age
RankedLock teamsTeams togetherTeam positionsShared explorationLock speedFull tech treeHidden civsTurbo modeCheats
Victory
Defeat
🇨🇳 Persians · China
1467
+13
🇪🇸 Maya · Spain
1392
-13
极地沙尘暴
6:07 Loom
10:37 Feudal Age
13:01 Double-Bit Axe
14:09 Horse Collar
18:34 Wheelbarrow
22:18 Castle Age
21:21 Padded Archer Armor
21:12 Fletching
21:43 Bloodlines
21:41 Gold Mining
22:49 Scale Barding Armor
31:10 Imperial Age
28:49 Heavy Plow
29:07 Bow Saw
29:58 Husbandry
30:55 Chain Barding Armor
30:46 Forging
32:56 Plate Barding Armor
33:43 Hand Cart
34:21 Iron Casting
|GaoeG| flamingo
0:31 Loom
9:25 Feudal Age
10:46 Man-at-Arms
11:38 Arson
13:27 Double-Bit Axe
17:46 Horse Collar
18:00 Gold Mining
20:13 Castle Age
18:33 Fletching
19:29 Padded Archer Armor
20:30 Crossbowman
21:09 Bodkin Arrow
21:36 Bow Saw
22:46 Squires
25:18 Leather Archer Armor
25:33 Town Watch
26:28 Wheelbarrow
30:32 Ballistics
32:07 Caravan
35:24 Imperial Age
Connection lost

Rejoining the realm…

Still unreachable

The connection could not be restored.

Session expired

The server has moved on; the page needs a fresh start.